 Dungeon Crawl Stone Soup version 0.26-a0-1205-g4083c211ab (webtiles) character file.

Game seed: 10269164080038089223

210 Goblin1989 the Sneak (level 5, -1/41 HPs)
             Began as a Demonspawn Delver on Dec 30, 2020.
             Was a Follower of Wu Jian.
             Slain by a gnoll
             ... wielding a +0 flail
              (12 damage)
             ... on level 4 of the Dungeon.
             The game lasted 00:11:45 (5185 turns).

Goblin1989 the Sneak (Demonspawn Delver)            Turns: 5185, Time: 00:11:45

Health: -1/41      AC:  3    Str: 18    XL:     5   Next: 56%
Magic:  5/5        EV: 11    Int: 12    God:    Wu Jian [*.....]
Gold:   193        SH:  3    Dex: 15    Spells: 4/4 levels left

rFire    . . .     SeeInvis .   K - +0 dagger (speed)
rCold    + . .     Faith    .   Q - +0 buckler
rNeg     . . .     Spirit   .   b - +0 leather armour
rPois    .         Reflect  .   (no helmet)
rElec    .         Harm     .   (no cloak)
rCorr    .         Rampage  .   (no gloves)
Will     .....                  (no boots)
Stlth    +++.......             (no amulet)
HPRegen  0.13/turn              J - +6 ring of strength
MPRegen  0.09/turn              (no ring)

@: no status effects
A: cold resistance 1
a: Renounce Religion


You were on level 4 of the Dungeon.
You worshipped Wu Jian.
Wu Jian was aware of your devotion.
You visited 2 branches of the dungeon, and saw 6 of its levels.

You collected 193 gold pieces.

Inventory:

Hand Weapons
 a - a +0 short sword
 E - a +0 hunting sling
 K - a +0 dagger of speed (weapon)
 O - a +0 flail of protection
Missiles
 B - 3 curare-tipped darts
 C - 8 javelins {@Q2}
 F - 25 bolts
 G - 17 arrows
 I - 8 sling bullets
 P - 5 boomerangs (quivered)
 X - 166 stones {@Q3}
Armour
 b - a +0 leather armour (worn)
 H - a +0 ring mail
 Q - a +0 buckler (worn)
Jewellery
 J - a +6 ring of strength (left hand)
Wands
 g - a wand of digging (3) {@v1}
Scrolls
 c - a scroll of fog
 L - 2 scrolls of teleportation {unknown}
 M - 2 scrolls of magic mapping
 N - a scroll of enchant armour {unknown}
 R - 2 scrolls of remove curse {unknown}
 S - 2 scrolls of fear
 V - 4 scrolls of identify {unknown}
Potions
 f - a potion of haste {@q3,}
 D - a potion of brilliance {unknown}
 T - a potion of invisibility {unknown}
 U - 3 potions of flight {unknown}
 W - a potion of heal wounds {unknown}
 Y - a potion of might {unknown}
 Z - a potion of curing {unknown}


   Skills:
 - Level 3.0 Fighting
 + Level 4.0 Short Blades
 - Level 1.7 Dodging
 + Level 6.0 Stealth


You had 4 spell levels left.
You didn't know any spells.
Your spell library was empty.

Dungeon Overview and Level Annotations

Branches:
Dungeon (5/15)             Temple (1/1) D:4

Altars:
Ashenzari
Dithmenos
Elyvilon
Fedhas
Gozag
Makhleb
Nemelex Xobeh
Okawaru
Qazlal
Ru
Wu Jian
Xom
Yredelemnul
Zin
The Shining One
Lugonu

Portals:
Abyss: D:4


Innate Abilities, Weirdness & Mutations

Your flesh is cold resistant. (rC+)


Message History

Aim: a gnoll, wielding a +0 spear (heavily wounded)
You shoot a sling bullet. The sling bullet hits the gnoll!
You kill the gnoll!
The Council accepts your kill.
Your Stealth skill increases to level 6!
Fire: 13 sling bullets
Press: ? - help, Q - select action, (/) - cycle Shift-Dir - straight line, f - gnoll
Aim: a gnoll, wielding a +0 halberd You shoot a sling bullet.
The sling bullet hits the gnoll.
The gnoll is heavily wounded.
Fire: 12 sling bullets
Press: ? - help, Q - select action, (/) - cycle Shift-Dir - straight line, f - you
Okay, then.
There is a stone staircase leading up here.
Fire: 12 sling bullets
Press: ? - help, Q - select action, (/) - cycle Shift-Dir - straight line, f/p - gnoll
Aim: a gnoll, wielding a +0 halberd (heavily wounded)
You shoot a sling bullet.
The sling bullet barely misses the gnoll.
Fire: 11 sling bullets
Press: ? - help, Q - select action, (/) - cycle Shift-Dir - straight line, f/p - gnoll
Aim: a gnoll, wielding a +0 halberd (heavily wounded)
You shoot a sling bullet.
The sling bullet closely misses the gnoll.
You hear a shout!
Fire: 10 sling bullets
Press: ? - help, Q - select action, (/) - cycle Shift-Dir - straight line, f/p - gnoll
Aim: a gnoll, wielding a +0 halberd (heavily wounded)
You shoot a sling bullet. The sling bullet hits the gnoll.
The gnoll is heavily wounded.
Fire: 9 sling bullets
Press: ? - help, Q - select action, (/) - cycle Shift-Dir - straight line, f/p - gnoll
Aim: a gnoll, wielding a +0 halberd (heavily wounded)
You shoot a sling bullet.
The sling bullet completely misses the gnoll.
The gnoll closely misses you.
You lunge at the gnoll, but your attack speed is too slow for a blow to land.
The gnoll closely misses you.
There is a stone staircase leading up here.
The gnoll closely misses you.
You climb upwards.
There is a stone staircase leading down here.
Your hands tingle!
K - a +0 dagger of speed (weapon)
You closely miss the gnoll.
The gnoll is heavily wounded.
The gnoll closely misses you.
You hit the gnoll.
The gnoll is severely wounded.
You hit the gnoll.
The gnoll is almost dead.
The gnoll hits you with a +0 halberd!
You take 14 damage, and have 20/41 hp.
MASSIVE DAMAGE!!
You barely miss the gnoll.
The gnoll is almost dead.
You hit the gnoll.
You kill the gnoll!
The Council accepts your kill.
Your Short Blades skill increases to level 4!
Unknown command.
Unknown command.
You start resting.
HP restored.
Health restored: 41 You climb downwards.
The gnoll hits you with a +0 flail! The gnoll barely misses you.
There is a stone staircase leading up, spattered with blood here.
You take 13 damage, and have 28/41 hp.
MASSIVE DAMAGE!!
Unknown command.
You hit the gnoll but do no damage. You hit the gnoll.
The gnoll is lightly wounded.
The gnoll barely misses you.
You hit the gnoll.
The gnoll is lightly wounded.
You hit the gnoll.
The gnoll is heavily wounded.
The gnoll hits you with a +0 flail!
* * * LOW HITPOINT WARNING * * *
You are too injured to fight recklessly!
You take 13 damage, and have 15/41 hp.
MASSIVE DAMAGE!!
You are too injured to fight recklessly!
You are too injured to fight recklessly!
You are too injured to fight recklessly!
You are too injured to fight recklessly!
You hit the gnoll but do no damage.
The gnoll is heavily wounded.
You hit the gnoll.
The gnoll is severely wounded.
The gnoll hits you with a +0 flail.
* * * LOW HITPOINT WARNING * * *
You take 5 damage, and have 10/41 hp.
You hit the gnoll.
The gnoll is almost dead.
You closely miss the gnoll.
The gnoll is almost dead.
You closely miss the gnoll.
The gnoll is almost dead.
The gnoll hits you with a +0 flail!
You die...

....███.....█..█.⌂█..█..█
.....†.......█..(.(.█...█
.█.████.....█....█...█..█
.█.█....███.█......██...█
.....████ ██.....)██...██
.....█ ███..........█
█..............█.......█
█......... ██........█
█......... █..@......█
█......... █...g.█...█
.......... █.....█ ..█
████...... .......██ .█
██ █.............█ █ .█
.........█ .█ ███...██.█
.. .... .█ .█ ..... ██


You could see a gnoll.

Vanquished Creatures
  A howler monkey (D:4)
  4 adders
  2 gnolls
  An ooze (D:3)
  3 worms
  4 dart slugs
  3 leopard geckos
  11 orcs
  7 bats
  6 giant cockroaches
  9 goblins
  7 hobgoblins
  2 jackals (D:3)
  A quokka (D:2)
  A ball python (D:3)
  4 frilled lizards
  7 kobolds
  10 rats
83 creatures vanquished.

Vanquished Creatures (others)
  2 lurking horrors (D:4)
2 creatures vanquished.

Grand Total: 85 creatures vanquished

Notes
Turn   | Place    | Note
-------+----------+-------------------------------------------
     0 | D:5      | Goblin1989 the Demonspawn Delver began the quest for the
                  | Orb.
     0 | D:5      | Reached XP level 1. HP: 18/18 MP: 1/1
    42 | D:4      | Found a staircase to the Ecumenical Temple.
    49 | Temple   | Entered the Ecumenical Temple
   257 | Temple   | Became a worshipper of the Wu Jian Council
   626 | Temple   | Gained mutation: Your flesh is cold resistant. (rC+)
                  | [demonic ancestry]
   626 | Temple   | Reached XP level 2. HP: 18/24 MP: 2/2
  1267 | D:3      | Reached skill level 5 in Stealth
  1417 | D:2      | Reached XP level 3. HP: 29/29 MP: 3/3
  2211 | D:1      | Reached * piety under Wu Jian
  2477 | D:2      | Reached XP level 4. HP: 8/35 MP: 4/4
  3172 | D:2      | Found a faded altar of an unknown god.
  4203 | D:3      | Reached XP level 5. HP: 41/41 MP: 5/5
  4646 | D:4      | Found a one-way gate to the infinite horrors of the Abyss.
  4647 | D:4      | Found a corrupted altar of Lugonu.
  4998 | D:4      | Reached skill level 6 in Stealth
  5185 | D:4      | Slain by a gnoll

Illustrated notes

Levels and vault maps discovered:
D:1:      dpeg_arrival_erosion, layout_basic, item_on_display_a
D:2:      layout_loops_cross, chequers_ecumenical_altar_grove
D:3:      layout_basic
D:4:      layout_rooms, minmay_temple_entry_tees,
          amcnicky_altar_lugonu_corruption
D:5:      layout_cave_pools, lemuel_round_altar, hellmonk_ghost_happy_afterlife,
          basic_altar, lexackson_kobold_supper
Temple:   regret_index_temple_generic_petals

Skill      XL: |  1  2  3  4  5 |
---------------+----------------+-----
Short Blades   | 2 3 4 |  4.0
Stealth        | 5 6 |  6.0
Fighting       | |  3.0
Dodging        | |  1.7

Action                   |  1- 3 |  4- 6 || total
-------------------------+-------+-------++-------
Melee: Short sword       |   120 |       ||   120
       Dagger            |    59 |   196 ||   255
 Fire: Hunting sling     |       |     8 ||     8
Invok: Lunge             |    17 |    19 ||    36
  Use: Scroll            |     1 |       ||     1
 Stab: Fleeing           |     1 |       ||     1
       Sleeping          |    10 |    12 ||    22
       Distracted        |     1 |       ||     1
Armor: Leather armour    |    32 |    22 ||    54
Dodge: Dodged            |    79 |    46 ||   125
Block: Buckler           |    13 |    18 ||    31

Table legend: (Time is in decaauts)
 A = Elapsed time spent in this place.
 B = Non-inter-level travel time spent in this place.
 C = Inter-level travel time spent in this place.
 D = Time resting spent in this place.
 E = Time spent auto-exploring this place.
 F = Levels seen in this place.
 G = Mean time per level.
                   A        B        C        D        E       F      G
               +--------+--------+--------+--------+--------+-----+--------+
         Total |   5102 |   4825 |    277 |   1684 |   2206 |   6 |  850.3 |
       Dungeon |   4030 |   3809 |    221 |    950 |   2025 |   5 |  806.0 |
        Temple |   1072 |   1016 |     56 |    734 |    181 |   1 | 1072.0 |
               +--------+--------+--------+--------+--------+-----+--------+

Top non-repeatable levels by time:
     D:3: 1359 daAuts
     D:1: 1261 daAuts
  Temple: 1072 daAuts
     D:2: 919 daAuts
     D:4: 455 daAuts
     D:5: 34 daAuts
